Map: Ulrena

Players

Damrud

  • Race: Zerg Zerg

MorN - Winner!

  • Race: Terran Terran
  • League: Gold

VOD

Have the link to the VOD?

Description

Time

  • Played on: Nov. 9, 2015, 9:05 p.m.
  • Length: 8:39
Show
View Real Time Build Order
Export as new Build Order

Damrud Zerg 

Build Orders: Hatch First 

Get SALT Encoding   

  12  0:01  Drone  
  13  0:13  Overlord  
  13  0:18  Drone  
  14  0:31  Drone x2  
  16  0:35  Drone  
  17  0:53  Hatchery  
  17  0:56  Drone  
  17  0:59  Extractor  
  17  1:00  Drone  
  17  1:15  Spawning Pool  
  17  1:18  Drone  
  17  1:23  Drone  
  18  1:29  Drone  
  19  1:41  Overlord  
  19  2:02  Zergling x4  
  19  2:03  Queen  
  19  2:04  Queen  
  19  2:05  Drone  
  26  2:12  Metabolic Boost  
  26  2:18  Drone  
  27  2:25  Drone x2  
  29  2:40  Drone x3  
  32  2:58  Queen  
  32  3:00  Queen  
  32  3:03  Overlord  
  32  3:05  Overlord  
  36  3:16  Hatchery  
  35  3:20  Drone  
  35  3:23  Drone  
  35  3:24  Drone x4  
  35  3:25  Drone  
  42  3:28  Drone  
  42  3:30  Drone  
  43  3:41  Lair  
  43  3:45  Extractor  
  43  3:46  Drone  
  43  3:47  Drone x3, Extractor  
  45  3:56  Drone x2  
  45  3:57  Drone, Extractor  
  47  4:05  Overlord  
  47  4:07  Overlord  
  47  4:21  Overlord  
  47  4:29  Drone x2  
  47  4:30  Drone  
  47  4:31  Drone x3  
  53  4:33  Queen  
  53  4:34  Drone  
  56  4:41  Drone  
  56  4:43  Spire, Zergling x6  
  56  4:44  Zergling x8  
  62  5:08  Drone  
  62  5:09  Drone x6  
  66  5:28  Drone  
  66  5:29  Drone x4, Extractor  
  66  5:30  Extractor  
  66  5:31  Overlord x2  
  68  5:45  Drone x3  
  68  5:46  Drone x3  
  74  5:50  Zergling x6  
  74  5:51  Zergling x2  
  78  5:58  Zerg Flyer Weapons Level 1  
  78  6:01  Zergling x6  
  78  6:02  Zergling x4  
  80  6:08  Zergling x6  
  80  6:09  Zergling x6  
  82  6:11  Queen x3  
  82  6:15  Zergling x6  
  86  6:24  Zergling x6  
  82  6:33  Evolution Chamber  
  82  6:36  Evolution Chamber  
  82  6:38  Drone x2  
  80  6:40  Drone x3  
  83  6:50  Drone, Baneling Nest  
  83  6:57  Hatchery  
  82  7:04  Drone x3  
  85  7:09  Overlord x3  
  85  7:12  Overseer  
  85  7:17  Mutalisk x2  
  85  7:19  Mutalisk  
  86  7:24  Mutalisk x2  
  86  7:27  Mutalisk x4  
  83  7:34  Zergling x4  
  83  7:35  Zergling x4  
  67  7:45  Zergling x6  
  64  7:54  Zergling x4  
  60  7:58  Zergling x2  
  60  7:59  Zergling x4  
  60  8:03  Queen  
  62  8:08  Baneling x2  
  62  8:10  Zergling x8  
  65  8:16  Baneling x2  
  65  8:17  Baneling  
  59  8:28  Spawning Pool  
Show
View Real Time Build Order
Export as new Build Order

MorN Terran - Winner!

Build Orders: Reaper Expand 

Get SALT Encoding   

  12  0:00  SCV  
  13  0:13  SCV  
  14  0:19  Supply Depot  
  14  0:25  SCV  
  15  0:41  SCV  
  16  0:43  Barracks  
  16  0:52  Refinery  
  16  0:53  SCV  
  17  1:06  SCV  
  18  1:18  SCV  
  19  1:31  Orbital Command  
  19  1:35  Reaper  
  20  1:40  Command Center  
  20  1:57  SCV  
  21  2:13  SCV  
  21  2:14  Barracks Reactor  
  22  2:20  Supply Depot  
  22  2:25  SCV  
  23  2:36  Factory  
  23  2:50  Marine x2  
  25  2:51  SCV  
  25  2:59  Orbital Command  
  25  3:08  SCV, Marine x2  
  28  3:20  Barracks x2  
  28  3:23  Starport  
  28  3:25  SCV x2, Refinery  
  30  3:37  SCV  
  30  3:40  Barracks Reactor  
  31  3:42  SCV  
  31  3:43  Bunker  
  31  3:44  Hellion x2  
  36  3:49  SCV  
  37  3:58  SCV  
  37  4:01  SCV  
  39  4:04  Starport Reactor  
  39  4:05  Hellion  
  39  4:06  Supply Depot, Hellion  
  43  4:12  Supply Depot  
  43  4:16  SCV  
  44  4:17  Barracks Tech Lab x2  
  44  4:21  SCV  
  45  4:25  Engineering Bay  
  45  4:28  Supply Depot, Hellion, SCV  
  48  4:33  SCV  
  48  4:35  Marine  
  48  4:36  Marine  
  51  4:40  SCV, Stimpack  
  51  4:45  SCV, Marine  
  54  4:46  Marine  
  54  4:50  Medivac  
  58  4:52  SCV  
  58  4:53  Refinery  
  58  4:55  Medivac  
  60  5:00  Marine x2  
  60  5:03  Marine  
  65  5:07  Marauder  
  65  5:08  Hellion x2  
  65  5:11  SCV  
  70  5:20  Marine  
  70  5:21  SCV  
  70  5:23  Marine  
  70  5:24  Marine  
  70  5:28  Marine  
  69  5:32  Hellion  
  69  5:35  SCV  
  70  5:45  Terran Infantry Weapons Level 1  
  70  5:49  Supply Depot  
  70  5:50  Supply Depot  
  70  5:56  Command Center  
  70  6:03  Hellion  
  70  6:10  Medivac, Marine x4  
  70  6:26  Medivac  
  70  6:28  Marine x4  
  70  6:40  Medivac  
  70  6:41  SCV x2, Supply Depot  
  70  6:44  Missile Turret  
  70  6:46  Missile Turret x2, Marine x4  
  78  6:56  SCV x2, Medivac  
  78  6:57  Barracks  
  78  6:58  Armory, Engineering Bay, Barracks  
  82  7:03  Marine x3  
  82  7:04  Marine  
  86  7:08  SCV  
  86  7:10  Orbital Command, Medivac  
  86  7:14  Refinery  
  89  7:21  Marine x2  
  89  7:22  Marine x2  
  89  7:26  Medivac  
  91  7:39  Marine x2  
  91  7:40  Marine x2  
  95  7:49  Barracks Reactor x2  
  94  7:51  Supply Depot, Orbital Command  
  94  7:57  Marine  
  90  7:59  Marine x2  
  92  8:09  Marine  
  92  8:11  Hellion x2  
  96  8:13  SCV  
  96  8:15  Marine  
  96  8:16  Marine  
  96  8:18  SCV  
Tags
 
Add a new tag
Caveats
  • Supply blocks, unpowered buildings, or Contaminate may cause inaccurate times.
  • Supply counts are checked every 10 seconds.